 Dungeon Crawl Stone Soup version 0.25-a0-661-g55ea3d2053 (console) character file.

Game seed: 4603670261589571456, levelgen mode: classic

41 Duffy the Ruffian (level 3, -5/28 HPs)
             Began as a Draconian Transmuter on Mar 23, 2020.
             Slain by a kobold
             ... wielding a +0 trident
              (6 damage)
             ... on level 2 of the Dungeon.
             The game lasted 00:01:01 (1244 turns).

Duffy the Ruffian (Draconian Transmuter)            Turns: 1244, Time: 00:01:01

Health: -5/28      AC:  5    Str: 12    XL:     3   Next: 32%
Magic:  3/6        EV: 12    Int: 14    God:
Gold:   71         SH:  0    Dex: 11    Spells: 1/7 levels left

rFire    . . .     SeeInvis .     - Unarmed
rCold    . . .     Gourm    .   (no shield)
rNeg     . . .     Faith    .   (armour unavailable)
rPois    .         Spirit   .   (helmet restricted)
rElec    .         Reflect  .   (no cloak)
rCorr    .         Harm     .   (no gloves)
MR       .....                  (no boots)
Stlth    +.........             (no amulet)
HPRegen  0.09/turn              (no ring)
MPRegen  0.10/turn              (no ring)

@: very slightly contaminated
A: unfitting armour, cold-blooded, AC +5
a: no special abilities


You were on level 2 of the Dungeon.
You were not hungry.

You visited 1 branch of the dungeon, and saw 2 of its levels.

You collected 71 gold pieces.

Inventory:

Missiles
 a - 29 arrows
Scrolls
 d - a scroll of identify {unknown}
 g - a scroll of fear {unknown}
 h - a scroll of random uselessness {unknown}
 i - a scroll of amnesia {unknown}
Potions
 e - 2 potions of curing {unknown}
 f - 2 potions of stabbing {unknown}
 j - a potion of invisibility {unknown}
Comestibles
 b - a chunk of flesh
 c - 2 rations


   Skills:
 - Level 1.1 Fighting
 - Level 1.7 Dodging
 + Level 3.5 Unarmed Combat
 + Level 2.5 Spellcasting
 + Level 2.6 Transmutations
 + Level 0.2 Poison Magic


You had one spell level left.
You knew the following spells:

 Your Spells              Type           Power        Failure   Level  Hunger
h - Spider Form           Tmut/Pois      #.........   36%         3    ###....
j - Sticks to Snakes      Tmut           #.......     12%         2    ###....
k - Beastly Appendage     Tmut           #.....       8%          1    #......

Your spell library contained the following spells:

 Spells                   Type           Power        Failure   Level  Hunger
 Ice Form                 Ice/Tmut       #.......     78%         4    #####..
 Blade Hands              Tmut           #.........   91%         5    ######.


Dungeon Overview and Level Annotations

Branches:
Dungeon (2/15)

Altars:


Innate Abilities, Weirdness & Mutations

Your plain brown scales are hard. (AC +5)
You cannot fit into any form of body armour.
You are cold-blooded and may be slowed by cold attacks.


Message History

You see here a stone.
The kobold hits you from afar with a +0 trident.
You are too injured to fight recklessly!
The kobold barely misses you.
You are too injured to fight recklessly!
You are too injured to fight recklessly!
You closely miss the kobold. The kobold hits you with a +0 trident!
You are too injured to fight recklessly!
You hit the kobold.
The kobold is heavily wounded.
The kobold barely misses you.
You are too injured to fight recklessly!
You barely miss the kobold.
The kobold is heavily wounded.
The kobold hits you with a +0 trident.
Cast which spell? (? or * to list)
You miscast Spider Form.
You are very lightly contaminated with residual magic.
Nothing appears to happen.
The kobold hits you with a +0 trident.
You die...

......... ..#
#....######.# ####
#.#.......#.# #...
#(#..##.#.#.# #... #
#(#..##.#.#.# #...
.##.###(#..##.#.#.# #...
......((...##.#.#.####...
...).................#...
.##.###@#.........##.#...
.. #.K................ ..
r.................... .
....####.##.#.####.#...
#.#. ...##.#.# #.#... # .
r......#.# #.#... .#
.......#.# #.#... .. ....
...... .#....#...


You could see a kobold.

Vanquished Creatures
  An adder (D:2)
  An ooze (D:2)
  A dart slug (D:2)
  2 leopard geckos
  A giant cockroach (D:1)
  3 goblins
  4 hobgoblins
  2 jackals (D:1)
  A quokka (D:2)
  5 bats (D:1)
  2 kobolds
  A rat (D:2)
24 creatures vanquished.

Notes
Turn   | Place    | Note
-------+----------+-------------------------------------------
     0 | D:1      | Duffy the Draconian Transmuter began the quest for the Orb.
     0 | D:1      | Reached XP level 1. HP: 16/16 MP: 3/3
   176 | D:1      | Reached XP level 2. HP: 22/23 MP: 5/5
   654 | D:2      | Learned a level 2 spell: Sticks to Snakes
   879 | D:2      | Reached XP level 3. HP: 28/28 MP: 6/6
   897 | D:2      | Learned a level 3 spell: Spider Form
  1243 | D:2      | HP: 1/28 [kobold/+0 trident (4)]
  1244 | D:2      | Slain by a kobold

Levels and vault maps discovered:
D:1:      minmay_arrival_three_doors, layout_rooms
D:2:      layout_basic, uniq_terence

Action                   || total
-------------------------++-------
Melee: Unarmed           ||   108
       Tailslap          ||    14
       Punch             ||     1
  Eat: Chunk             ||     1
Armor: Skin              ||    34
Dodge: Dodged            ||    67

Table legend:
 A = Non-vault XP
 B = Vault XP
 C = Vault XP percentage of total XP
 D = Non-vault monster count
 E = Vault monster count
 F = Vault count percentage of total count
                 A         B        C        D         E       F
            +---------+---------+-------+---------+---------+-------
      Total |      59 |       0 |   0.0 |      24 |       0 |   0.0
            +---------+---------+-------+---------+---------+-------
        D:1 |      23 |       0 |   0.0 |      14 |       0 |   0.0
        D:2 |      36 |       0 |   0.0 |      10 |       0 |   0.0
            +---------+---------+-------+---------+---------+-------
